 Dungeon Crawl Stone Soup version 0.18.1-6-gd335043 (webtiles) character file.

424 zeroDi the Sneak (level 6, -2/30 HPs)
             Began as a Vine Stalker Assassin on May 20, 2016.
             Was an Initiate of Okawaru.
             Slain by a giant frog zombie (5 damage)
             ... on level 5 of the Dungeon.
             The game lasted 00:13:07 (3118 turns).

zeroDi the Sneak (Vine Stalker Assassin)            Turns: 3118, Time: 00:13:08

Health: -2/30      AC:  4    Str: 13    XL:     6   Next: 96%
Magic:  0/6        EV: 11    Int: 11    God:    Okawaru [......]
Gold:   244        SH:  5    Dex: 20    Spells: 0 memorised, 5 levels left

rFire  . . .     SeeInvis .     a - +1 rapier (drain)
rCold  . . .     Gourm    .     c - +0 robe
rNeg   . . .     Faith    .     o - +1 buckler
rPois  .         Spirit   +     w - +0 helmet
rElec  .         Dismiss  .     d - +0 cloak
rCorr  .         Reflect  .     (no gloves)
SustAt .         Harm     .     (no boots)
MR     .....                    (no amulet)
Stlth  ++++......               (no ring)
                                (no ring)

@: not resistant to hostile enchantments, stealthy
A: fangs 2, agile 1, low mp 1, regeneration 2, magic shield, antimagic bite, no
device heal 3, rot immunity, subdued magic 1
a: Renounce Religion


You were on level 5 of the Dungeon.
You worshipped Okawaru.
Okawaru was noncommittal.
You were very hungry.

You visited 2 branches of the dungeon, and saw 6 of its levels.

You collected 244 gold pieces.


Innate Abilities, Weirdness & Mutations

You have extremely sharp teeth.
You heal very quickly.
When hurt, damage is shared between your health and your magic reserves.
Your bite disrupts and absorbs the magic of your enemies.
Potions and wands cannot restore your health.
You are immune to rotting.
You are agile. (Dex +2)
Your magical capacity is low (-10% MP).
Your spells are a little easier to cast, but a little less powerful.


   Skills:
 - Level 1.7 Fighting
 - Level 5.1 Short Blades
 - Level 1.7 Throwing
 - Level 0.7 Dodging
 * Level 7.5 Stealth


You had 5 spell levels left.
You didn't know any spells.

Inventory:

Hand Weapons
 a - a +1 rapier of draining (weapon)
 b - a +0 blowgun
 m - a +2 dagger
Missiles
 e - 8 poisoned needles
 f - 2 curare-tipped needles {=f}
Armour
 c - a +0 robe (worn)
 d - a +0 cloak (worn)
 o - a +1 buckler (worn)
 w - a +0 helmet (worn)
Jewellery
 h - an uncursed amulet of regeneration
 j - an uncursed ring of see invisible
 s - a cursed amulet of the gourmand
 v - a cursed ring of teleportation {unknown}
Scrolls
 A - a scroll of fear
Potions
 n - a potion of brilliance
 u - a potion of curing {@q1}
Books
 y - a book of Changes

   Spells                             Type                      Level
   a - Beastly Appendage              Transmutation                1
   b - Sticks to Snakes               Transmutation                2
   c - Spider Form                    Transmutation/Poison         3
   d - Ice Form                       Ice/Transmutation            4
   e - Blade Hands                    Transmutation                5
Comestibles
 g - 3 bread rations
 r - 2 beef jerkies
 t - 6 fruits
 x - a meat ration

Dungeon Overview and Level Annotations

Branches:
Dungeon (5/15)             Temple (1/1) D:5

Altars:
Dithmenos
Elyvilon
Fedhas
Nemelex Xobeh
Okawaru
Pakellas
Ru

Shops:
D:4 (

Annotations:
D:4 !edmund, Edmund
D:5 Blork the orc, Grinder

########### ...........
...######## ##.#######
##....(..####################
............รท.oZ@...........##
########.##################..#
!.# #.# ##.## ..# #.# #..# ..#
#.# ##.# ..# #.# ######## #.###
### #.# ##......# #...# #.#
5.......# ##.). #.#
#......##########...


You could see Blork the orc and a giant frog zombie.


Message History

You hit the giant frog zombie. Your bite misses the giant frog zombie.
The giant frog zombie barely misses you.
You hit the giant frog zombie. You bite the giant frog zombie.
You drain its power.
You feel invigorated.
You block the giant frog zombie's attack.
You hit the giant frog zombie. You bite the giant frog zombie.
You drain its power.
The giant frog zombie hits you but does no damage.
Blork the orc hits you from afar with a glaive.
* * * LOW HITPOINT WARNING * * *
You hit the giant frog zombie. The giant frog zombie hits you.
* * * LOW HITPOINT WARNING * * *
You block the giant frog zombie's attack.
Drink which item? (? for menu, Esc to quit)
It was a potion of mutation.
You feel extremely strange.
You feel agile.
Your connection to magic feels subdued.
You feel less energetic.
Blork the orc hits you from afar with a glaive.
The giant frog zombie hits you.
You die...

Action                   |  1- 3 |  4- 6 || total
-------------------------+-------+-------++-------
Melee: Dagger            |    67 |    40 ||   107
       Bite              |    20 |    35 ||    55
       Rapier            |       |    93 ||    93
 Fire: Blowgun           |     4 |       ||     4
  Use: Scroll            |       |    10 ||    10
       Potion            |       |    11 ||    11
 Stab: Sleeping          |     8 |    11 ||    19
  Eat: Chunk             |       |     6 ||     6
       Pizza             |       |     1 ||     1
Armor: Robe              |    11 |    24 ||    35
Dodge: Dodged            |    26 |    58 ||    84
Block: Buckler           |       |    11 ||    11

Vault maps used:
D:1:      ncdulo_halloftheorcs, nrook_mini_vaults
D:3:      portal_sewer_entry_b, ecumenical_altar_2, elyvilon_altar_4
D:4:      first_bread, serial_shops, shop, serial_bayou_pond_d, uniq_edmund
D:5:      minmay_temple_entry_purple_smoke, amethyst_killhole,
          uniq_blork_the_orc, uniq_grinder
Temple:   hc_temple_tempest_star_small

Notes
Turn   | Place    | Note
--------------------------------------------------------------
     0 | D:1      | zeroDi the Vine Stalker Assassin began the quest for the Orb.
     0 | D:1      | Reached XP level 1. HP: 11/11 MP: 2/2
    54 | D:1      | Reached skill level 2 in Short Blades
    54 | D:1      | Reached XP level 2. HP: 15/15 MP: 3/3
   180 | D:1      | Reached skill level 3 in Short Blades
   182 | D:1      | Reached XP level 3. HP: 14/18 MP: 2/4
   700 | D:2      | Reached XP level 4. HP: 23/23 MP: 5/5
  1195 | D:2      | Reached skill level 4 in Short Blades
  1454 | D:3      | Found a white marble altar of Elyvilon.
  1684 | D:3      | Reached XP level 5. HP: 26/26 MP: 6/6
  1687 | D:3      | Found a faded altar to an unknown god.
  2000 | D:3      | Found a glowing drain.
  2154 | D:4      | Noticed Edmund
  2205 | D:4      | Reached skill level 5 in Short Blades
  2276 | D:4      | Noticed a phantom
  2325 | D:4      | Reached skill level 5 in Stealth
  2334 | D:4      | Found Doc Mimi's Antique Weapon Shoppe.
  2470 | D:4      | Gained mutation: You heal very quickly. [Vine Stalker growth]
  2470 | D:4      | Reached XP level 6. HP: 21/30 MP: 4/7
  2509 | D:5      | Entered Level 5 of the Dungeon
  2512 | D:5      | Reached skill level 6 in Stealth
  2542 | D:5      | Found a staircase to the Ecumenical Temple.
  2551 | Temple   | Entered the Ecumenical Temple
  2764 | Temple   | Became a worshipper of Warmaster Okawaru
  2853 | D:5      | Noticed Grinder
  2903 | D:5      | Noticed an ice beast
  2917 | D:5      | Killed an ice beast
  2917 | D:5      | Reached skill level 7 in Stealth
  3085 | D:5      | Noticed Blork the orc
  3094 | D:5      | HP: 3/30 [giant frog zombie (2)]
  3097 | D:5      | HP: 1/30 [giant frog zombie (3)]
  3103 | D:5      | HP: 3/30 [giant frog zombie (1)]
  3117 | D:5      | HP: 3/30 [giant frog zombie (2)]
  3118 | D:5      | Gained mutation: You are agile. (Dex +2) [potion of mutation]
  3118 | D:5      | Gained mutation: Your spells are a little easier to cast, but a little less powerful. [potion of mutation]
  3118 | D:5      | Gained mutation: Your magical capacity is low (-10% MP). [potion of mutation]
  3118 | D:5      | Slain by a giant frog zombie

Vanquished Creatures
  An ice beast (D:5)
  A centaur (D:5)
  A giant frog skeleton (D:4)
  3 worker ants (D:4)
  2 gnolls (D:1)
  4 adders
  A river rat (D:3)
  A worm (D:2)
  4 dart slugs
  2 giant geckos (D:3)
  5 orcs
  7 giant cockroaches
  7 goblins
  9 hobgoblins
  7 jackals
  5 kobolds
  2 quokkas
  2 ball pythons (D:3)
  4 bats
  2 giant newts
  9 rats
79 creatures vanquished.

Vanquished Creatures (others)
  A quokka (D:3)
1 creature vanquished.

Grand Total: 80 creatures vanquished
